 Dungeon Crawl Stone Soup version 0.28.0-43-g3370ac3207 (webtiles) character file.

Game seed: 17690712762411951866

177 tizbic2 the Chopper (level 5, -3/45 HPs)
             Began as a Hill Orc Fighter on Mar 6, 2022.
             Slain by a kobold brigand
             ... wielding a +0 dagger
              (5 damage)
             ... in a sewer.
             The game lasted 00:11:09 (1764 turns).

tizbic2 the Chopper (Hill Orc Fighter)              Turns: 1764, Time: 00:11:10

Health: -3/45      AC:  8    Str: 21    XL:     5   Next: 57%
Magic:  5/5        EV:  9    Int:  8    God:
Gold:   42         SH:  5    Dex: 16    Spells: 4/4 levels left

rFire   . . .      SeeInvis .   a - +0 war axe
rCold   . . .      Faith    .   c - +0 buckler
rNeg    . . .      Spirit   .   b - +0 scale mail
rPois   .          Reflect  .   l - +0 helmet
rElec   .          Harm     .   (no cloak)
rCorr   +          Rampage  .   (no gloves)
Will    .....                   (no boots)
Stlth   ..........              (no amulet)
HPRegen 0.15/turn               h - ring of resist corrosion
MPRegen 0.09/turn               q - +6 ring of dexterity

@: mighty, lethally poisoned (-3 -> -5), weak-willed, flying, slowed, very slow
A: no striking features
a: no special abilities


You were in a sewer.
You visited 1 branch of the dungeon, and saw 3 of its levels.
You also visited: Sewer.

You collected 42 gold pieces.

Inventory:

Hand Weapons
 a - a +0 war axe (weapon)
 f - a +0 hand axe
 s - a +1 hand crossbow
Missiles
 e - a curare-tipped dart
 i - 65 stones (quivered)
 t - 32 bolts
Armour
 b - a +0 scale mail (worn)
 c - a +0 buckler (worn)
 l - a +0 helmet (worn)
Jewellery
 h - a ring of resist corrosion (left hand)
 j - a ring of see invisible
 q - a +6 ring of dexterity (right hand)
Scrolls
 n - a scroll of identify {unknown}
 u - a scroll of enchant armour {unknown}
Potions
 k - 2 potions of curing {unknown}
 r - a potion of mutation {unknown}


   Skills:
 - Level 3.6 Fighting
 * Level 6.3 Axes
 + Level 1.2 Crossbows
 - Level 3.4 Armour
 - Level 4.0 Shields


You had 4 spell levels left.
You didn't know any spells.
Your spell library contained the following spells:

 Spells                   Type           Power      Damage    Failure   Level
 Sublimation of Blood     Necr           0%         N/A       93%         2
 Gell's Gravitas          Tloc           0%         N/A       99%         3
 Lesser Beckoning         Tloc           0%         N/A       99%         3
 Teleport Other           Tloc           0%         N/A       99%         3
 Petrify                  Tmut/Erth      0%         N/A       100%        4
 Irradiate                Conj/Tmut      0%         3d13      100%        5


Dungeon Overview and Level Annotations

Branches:
Dungeon (3/15)              Sewer (1/1)

Altars:
Kikubaaqudgha

Shops:
D:1 *


Message History

You feel very sick.
The kobold brigand throws a curare-tipped dart.
The curare-tipped dart hits you.
You are more poisoned.
You have difficulty breathing.
You feel as though you will be slow longer.
The kobold brigand throws a curare-tipped dart.
You block the curare-tipped dart. The kobold barely misses you.
You feel extremely sick.
The kobold brigand hits you but does no damage.
The kobold hits you with a +0 dagger.
The kobold brigand splashes around in the water.
The kobold hits you but does no damage.
Unknown command.
Your unstable footing causes you to fumble your attack.
You feel very sick. The kobold brigand barely misses you.
The kobold closely misses you.
The kobold brigand hits you but does no damage.
The kobold hits you with a +0 dagger.
* * * LOW HITPOINT WARNING * * *
You feel very mighty all of a sudden.
You feel sick.
The kobold brigand hits you with a +0 dagger.
* * * LOW HITPOINT WARNING * * *
The kobold hits you but does no damage.
The kobold brigand splashes around in the water.
As you read the scroll labelled CAXECZAW TAELL, it crumbles to dust.
Magic quickly surges around you.
It was a scroll of vulnerability.
You feel sick.
The kobold splashes around in the water.
The kobold brigand hits you with a +0 dagger.
* * * LOW HITPOINT WARNING * * *
You block the kobold's attack.
It was a potion of flight.
You feel very buoyant.
You fly up into the air.
* * * LOW HITPOINT WARNING * * *
You feel sick.
The kobold brigand hits you with a +0 dagger.
You die...

###### ##
######
#.#.#. .#
#.#.#.
#≈#≈#≈ ≈#
#≈#)#)
#K#≈#≈ ≈#
#≈#≈#≈
#@#≈#≈#≈#
#≈#≈#†
#≈K≈#≈≈≈#
#≈≈≈#≈
##.###†#
##≈###
#≈# #.#
#≈# #
#≈###.#
#.###
#.≈≈≈≈#
#≈≈≈≈
##≈≈≈##
##≈≈≈
#≈≈.#
#≈≈.
#≈≈≈#
#.≈.


You could see a kobold brigand (weak-willed) and a kobold (weak-willed).

Vanquished Creatures
  A kobold brigand (Sewer)
  2 adders
  2 river rats (D:3)
  A worm (Sewer)
  3 dart slugs
  6 ball pythons
  6 endoplasms
  2 giant cockroaches
  5 goblins
  5 hobgoblins
  3 jackals (D:2)
  5 quokkas
  5 bats
  4 frilled lizards
  4 kobolds
  5 rats
59 creatures vanquished.

Vanquished Creatures (others)
  8 plants (D:1)
8 creatures vanquished.

Grand Total: 67 creatures vanquished

Notes
Turn   | Place    | Note
-------+----------+-------------------------------------------
     0 | D:1      | tizbic2 the Hill Orc Fighter began the quest for the Orb.
     0 | D:1      | Reached XP level 1. HP: 19/19 MP: 1/1
   140 | D:1      | Reached XP level 2. HP: 25/26 MP: 2/2
   209 | D:1      | Found Xotaviwi's Assorted Antiques.
   230 | D:1      | Reached skill level 3 in Axes
   406 | D:1      | Reached XP level 3. HP: 31/31 MP: 3/3
   761 | D:2      | Reached skill level 4 in Axes
   886 | D:2      | Reached XP level 4. HP: 38/39 MP: 4/4
   905 | D:2      | Found an ancient bone altar of Kikubaaqudgha.
  1343 | D:3      | Reached skill level 5 in Axes
  1361 | D:3      | Found a glowing drain.
  1455 | Sewer    | Entered a sewer
  1498 | Sewer    | Noticed a kobold brigand
  1511 | Sewer    | Killed a kobold brigand
  1512 | Sewer    | Reached skill level 6 in Axes
  1512 | Sewer    | Reached skill level 1 in Crossbows
  1512 | Sewer    | Reached XP level 5. HP: 27/45 MP: 5/5
  1756 | Sewer    | Noticed a kobold brigand
  1763 | Sewer    | HP: 2/45 [kobold brigand/+0 dagger (3)]
  1764 | Sewer    | Slain by a kobold brigand

Illustrated notes

Levels and vault maps discovered:
D:1:      dpeg_arrival_pond, layout_rooms, serial_shops, nicolae_shop_crystal,
          serial_forest, infiniplex_forest_lined_3_way, infiniplex_forest_end_1,
          infiniplex_forest_lined_3, infiniplex_forest_clump_small,
          infiniplex_forest_lined_ring, infiniplex_forest_clump_diagonal,
          infiniplex_forest_clump_tiny, infiniplex_forest_clump_C,
          infiniplex_forest_lined_3
D:2:      layout_loops_ring, basic_altar, minmay_misc_feat_alley,
          nicolae_figureground_sparkle
D:3:      layout_loops_ring, gammafunk_temple_overflow_wave,
          portal_sewer_entry_e, uniq_ijyb, uniq_crazy_yiuf_cottage
Sewer:    sewer_co_tree

Skill      XL: |  1  2  3  4 |
---------------+-------------+-----
Shields        | 4 |  4.0
Axes           | 3 4 6 |  6.3
Crossbows      | 1 |  1.2
Fighting       | |  3.6
Armour         | |  3.4

Action                   |  1- 3 |  4- 6 || total
-------------------------+-------+-------++-------
Melee: Hand axe          |    39 |       ||    39
       War axe           |    81 |    66 ||   147
  Use: Scroll            |       |     4 ||     4
       Potion            |       |     2 ||     2
Armor: Scale mail        |    59 |    34 ||    93
Dodge: Dodged            |    64 |    30 ||    94
Block: Buckler           |    23 |    17 ||    40
